Map: Alcyone LE

Players

Mayachyo - Winner!

  • Race: Terran Terran
  • League: Master
  • Spawn Location: 7:00

BaumesBaum

  • Race: Protoss Protoss
  • League: Master
  • Spawn Location: 1:00

VOD

Have the link to the VOD?

Description

Time

  • Played on: Aug. 28, 2024, 1:14 p.m.
  • Length: 6:39
Show
View Real Time Build Order
Export as new Build Order

Mayachyo Terran - Winner!

Build Orders: Cyclone Opening 

Get SALT Encoding   

  12  0:00  SCV  
  13  0:12  SCV  
  14  0:16  Supply Depot  
  14  0:24  SCV  
  15  0:38  SCV  
  15  0:40  Barracks  
  16  0:43  Refinery  
  16  0:50  SCV  
  16  0:52  Refinery  
  17  1:02  SCV  
  18  1:14  SCV  
  19  1:27  Reaper, Orbital Command  
  19  1:28  Supply Depot  
  20  1:41  Factory  
  20  1:53  SCV  
  21  1:59  Barracks Reactor  
  21  2:05  SCV  
  22  2:20  Command Center, SCV  
  23  2:27  Cyclone  
  25  2:32  SCV  
  26  2:40  Starport  
  26  2:44  SCV  
  26  2:45  Supply Depot  
  26  2:51  Marine x2  
  27  2:56  SCV  
  30  3:02  Factory Tech Lab  
  30  3:09  Marine x2, SCV  
  33  3:20  Siege Tank  
  33  3:22  Medivac  
  33  3:27  Marine  
  38  3:31  Marine  
  41  3:34  SCV  
  41  3:46  SCV  
  42  3:50  Supply Depot  
  42  3:55  Orbital Command  
  45  3:58  SCV  
  45  4:00  Marine x2  
  48  4:04  Cyclone  
  48  4:05  Viking  
  49  4:10  SCV  
  48  4:20  Supply Depot  
  48  4:21  Marine x2, SCV  
  48  4:22  SCV  
  52  4:33  SCV  
  52  4:35  Viking  
  52  4:37  Cyclone  
  57  4:44  SCV  
  58  4:46  SCV  
  58  4:47  Marine x2  
  58  4:49  Supply Depot  
  61  4:56  SCV  
  62  5:04  SCV  
  62  5:05  Viking  
  64  5:08  SCV  
  64  5:09  Cyclone  
  64  5:11  Marine x2  
  69  5:21  SCV x2  
  69  5:23  Command Center  
  71  5:28  Marine x2  
  71  5:33  SCV  
  74  5:35  SCV  
  74  5:45  Barracks, SCV  
  74  5:46  Marine x2  
  73  5:51  Starport Tech Lab, Siege Tank  
  75  5:59  SCV  
  75  6:01  SCV  
  75  6:03  Refinery  
  75  6:04  Marine x2  
  75  6:06  Barracks  
  77  6:11  SCV  
  77  6:16  Engineering Bay  
  78  6:18  Supply Depot  
Show
View Real Time Build Order
Export as new Build Order

BaumesBaum Protoss 

Build Orders: 1 Gate Expand, Phoenix Opening 

Get SALT Encoding   

  12  0:01  Probe  
  13  0:13  Probe  
  14  0:17  Pylon  
  14  0:25  Probe  
  15  0:35  Gateway  
  15  0:39  Probe (Chrono Boost)  
  16  0:44  Assimilator  
  16  0:49  Probe (Chrono Boost)  
  17  0:54  Probe (Chrono Boost)  
  18  1:05  Probe  
  19  1:17  Probe  
  20  1:23  Cybernetics Core  
  20  1:33  Nexus  
  20  1:40  Pylon  
  20  1:49  Assimilator, Probe  
  21  1:56  Adept (Chrono Boost)  
  21  2:01  Probe  
  24  2:13  Probe  
  25  2:19  Adept  
  27  2:24  Stargate  
  27  2:27  Probe  
  28  2:36  Warp Gate  
  28  2:42  Probe (Chrono Boost)  
  29  2:45  Shield Battery, Probe (Chrono Boost)  
  30  2:55  Probe (Chrono Boost)  
  30  2:57  Probe (Chrono Boost), Stalker  
  34  3:03  Probe  
  35  3:06  Probe  
  35  3:07  Phoenix (Chrono Boost)  
  38  3:15  Probe  
  39  3:26  Phoenix  
  39  3:30  Probe x2  
  43  3:35  Assimilator  
  43  3:38  Gateway  
  43  3:42  Probe  
  43  3:43  Probe  
  45  3:52  Pylon  
  45  3:54  Probe  
  45  3:55  Pylon  
  46  4:09  Phoenix (Chrono Boost)  
  50  4:10  Probe x2  
  50  4:22  Probe x2  
  52  4:26  Pylon  
  52  4:27  Phoenix (Chrono Boost)  
  52  4:30  Stalker  
  56  4:34  Probe  
  57  4:43  Nexus  
  57  4:45  Shield Battery  
  57  4:48  Stalker  
  57  4:50  Shield Battery  
  59  5:02  Stalker  
  59  5:04  Probe x2  
  63  5:07  Twilight Council  
  63  5:09  Forge  
  63  5:21  Phoenix (Chrono Boost), Stalker  
  59  5:24  Probe x2  
  63  5:35  Stalker  
  63  5:37  Probe x2  
  63  5:42  Shield Battery  
  67  5:45  Pylon, Shield Battery  
  57  5:52  Stalker  
  55  5:59  Probe x3  
  55  6:02  Stalker  
  49  6:11  Probe x2  
  51  6:22  Stalker, Gateway  
  51  6:23  Probe, Nexus  
  51  6:24  Gateway  
  47  6:34  Stalker  
Tags
 
Add a new tag
Caveats
  • Supply blocks, unpowered buildings, or Contaminate may cause inaccurate times.
  • Supply counts are checked every 10 seconds.